 Dungeon Crawl Stone Soup version 0.21.1-1-g345015f (console) character file.

45 fly the Digger (level 3, 0/21 HPs)
             Began as an Octopode Earth Elementalist on June 3, 2018.
             Killed from afar by a dart slug (3 damage)
             ... with a slug dart
             ... on level 2 of the Dungeon.
             The game lasted 00:01:49 (1120 turns).

fly the Digger (Octopode Earth Elementalist)        Turns: 1120, Time: 00:01:50

Health: 0/21       AC:  1    Str:  7    XL:     3   Next: 64%
Magic:  4/7        EV: 13    Int: 18    God:
Gold:   68         SH:  0    Dex: 12    Spells: 6/7 levels left

rFire    . . .     SeeInvis .   a - +0 whip (elec)
rCold    . . .     Gourm    .   (no shield)
rNeg     . . .     Faith    .   (helmet restricted)
rPois    .         Spirit   .   (no amulet)
rElec    .         Reflect  .   (no ring)
rCorr    .         Harm     .   (no ring)
MR       .....                  (no ring)
Stlth    +++.......             (no ring)
HPRegen  0.07/turn              (no ring)
MPRegen  0.10/turn              (no ring)
                                (no ring)
                                (no ring)

@: no status effects
A: almost no armour, stealthy swim, amphibious, 8 rings, constrict 8, camouflage
1, gelatinous body 1
a: no special abilities


You were on level 2 of the Dungeon.
You were hungry.

You visited 1 branch of the dungeon, and saw 2 of its levels.

You collected 68 gold pieces.

Inventory:

Hand Weapons
 a - a +0 whip of electrocution (weapon)
Missiles
 b - 39 stones (quivered)
Scrolls
 e - a scroll of enchant armour {unknown}
 f - a scroll of remove curse {unknown}
 g - 2 scrolls of magic mapping {unknown}
 i - a scroll of enchant weapon {unknown}
Potions
 h - 2 potions of curing {unknown}
Books
 d - a book of Geomancy

   Spells                             Type                      Level
   a - Sandblast                      Earth                        1
   b - Passwall                       Transmutation/Earth          2
   c - Stone Arrow                    Conjuration/Earth            3
   d - Petrify                        Transmutation/Earth          4
   e - Lee's Rapid Deconstruction     Earth                        5
Comestibles
 c - a ration


   Skills:
 - Level 2.0 Dodging
 - Level 2.6 Stealth
 + Level 2.9 Spellcasting
   Level 1.0 Transmutations
 + Level 3.8 Earth Magic


You had 6 spell levels left.
You knew the following spells:

 Your Spells              Type           Power        Failure   Level  Hunger
z - Sandblast             Erth           ###...       3%          1    None


Dungeon Overview and Level Annotations

Branches:
Dungeon (2/15)

Altars:
Gozag


Innate Abilities, Weirdness & Mutations

You cannot wear most types of armour.
You are very stealthy in the water. (Stealth+)
You are amphibious.
You can wear up to eight rings at the same time.
You can use your tentacles to constrict eight enemies at once.
Your skin changes colour to match your surroundings (Stealth+).
Your rubbery body absorbs attacks. (AC +1, EV +1)


Message History

Aiming: Sandblast
Press: ? - help, Shift-Dir - straight line, f/p - worm
Aim: a worm (moderately wounded)
The blast of sand hits the worm.
The worm is severely wounded.
b - 40 stones
Casting: Sandblast
Confirm with . or Enter, or press ? or * to list all spells.
Aiming: Sandblast
Press: ? - help, Shift-Dir - straight line, f/p - worm
Aim: a worm (severely wounded)
The blast of sand hits the worm.
You kill the worm!
b - 39 stones The dart slug launches a dart at you.
The slug dart hits you!
* * * LOW HITPOINT WARNING * * *
The dart slug launches a dart at you. The slug dart hits you!
You die...

#..#
#..........#
#.###.####.#
#.# #.# #.#
#.# #.####.#
#.# #....#.#
#.# ####.#†#
#.# #.#.#
###.######†#.#
#.@........#.#
#.#....†.....#
#.############
#.# #.# #w#
#.# #.# #.#


You could see a dart slug.

Vanquished Creatures
  A worm (D:2)
  2 dart slugs (D:1)
  2 leopard geckos (D:1)
  3 bats (D:1)
  2 giant cockroaches
  4 goblins (D:1)
  3 hobgoblins (D:1)
  5 jackals
  A quokka (D:2)
  3 frilled lizards (D:1)
  4 kobolds (D:1)
  4 rats (D:1)
34 creatures vanquished.

Notes
Turn   | Place    | Note
-------+----------+-------------------------------------------
     0 | D:1      | fly the Octopode Earth Elementalist began the quest for the Orb.
     0 | D:1      | Reached XP level 1. HP: 11/11 MP: 3/3
   130 | D:1      | Reached XP level 2. HP: 17/17 MP: 3/5
   604 | D:1      | Reached XP level 3. HP: 21/21 MP: 6/6
  1015 | D:2      | Found an opulent altar of Gozag.
  1120 | D:2      | Killed from afar by a dart slug

Action                   || total
-------------------------++-------
Melee: Unarmed           ||    48
       Constrict         ||    17
       Tentacles         ||     6
       Whip              ||    14
 Cast: Sandblast         ||    16
 Stab: Sleeping          ||     6
Armor: Skin              ||     5
Dodge: Dodged            ||    42
